 Dungeon Crawl Stone Soup version 0.15-a0-1363-g87d8b17 (webtiles) character file.

345 MrRokkomies the Covered (level 6, -17/44 HPs)
             Began as a Formicid Warper on June 9, 2014.
             Was an Initiate of Fedhas.
             Killed from afar by a gnoll shaman (33 damage)
             ... with an exploding inner flame
             ... hexed by the player character
             ... on Level 3 of the Dungeon.
             The game lasted 00:11:32 (3983 turns).

MrRokkomies the Covered (Formicid Warper)           Turns: 3983, Time: 00:11:34

HP -17/44        AC 10     Str 15      XL: 6   Next: 89%
MP  12/12        EV 10     Int 15      God: Fedhas [......]
Gold 78          SH  0     Dex 10      Spells:  3 memorised,  3 levels left

rFire  . . .     SeeInvis +     l - +0 whip
rCold  . . .     Clarity  .     h - +0 ring mail
rNeg   . . .     rCorr    .     (no shield)
rPois  .         rRot     .     (helmet unavailable)
rElec  .         Spirit   .     (no cloak)
SustAb .         Warding  .     (no gloves)
rMut   .         Stasis   +     i - +1 pair of boots
Gourm  .                        (no amulet)
MR     .....                    (no ring)
                                a - cursed ring of wizardry

@: not resistant to hostile enchantments, extremely unstealthy
A: permanent stasis, dig shafts and tunnels, four strong arms, antennae 3,
yellow scales 1
a: Dig, Shaft Self, Renounce Religion


You were on level 3 of the Dungeon.
You worshipped Fedhas.
Fedhas was noncommittal.
You were hungry.

You visited 1 branch of the dungeon, and saw 3 of its levels.

You collected 78 gold pieces.

Inventory:

Hand weapons
 l - a +0,+0 whip (weapon)
Missiles
 e - 5 tomahawks (quivered)
 n - 11 poisoned needles
Armour
 h - a +0 ring mail (worn)
 i - a +1 pair of boots (worn)
Magical devices
 p - a wand of polymorph (4)
Comestibles
 f - 4 bread rations
 r - a meat ration
Scrolls
 q - a scroll of identify
Jewellery
 a - a cursed ring of wizardry (left hand)
Potions
 b - a potion of restore abilities
 d - a potion of magic
 g - a potion of degeneration {unknown}
 k - a potion of curing
 m - a potion of haste {unknown}
 o - a potion of might {unknown}
Books
 c - a book of Spatial Translocations

   Spells                             Type                      Level
   *Apportation                       Translocation                1
   Blink                              Translocation                2
   *Shroud of Golubria                Charms/Translocation         2
   *Portal Projectile                 Translocation                3
   Teleport Other                     Translocation                3
   Passage of Golubria                Translocation                4


   Skills:
 - Level 2.1 Fighting
 + Level 4.6 Maces & Flails
 - Level 0.7 Throwing
 + Level 5.4 Armour
 - Level 1.7 Dodging
 - Level 2.1 Spellcasting
 - Level 2.6 Translocations


You had 3 spell levels left.
You knew the following spells:

 Your Spells              Type           Power        Failure   Level  Hunger
a - Apportation           Tloc           #.........   4%          1    #......
b - Shroud of Golubria    Chrm/Tloc      #.........   10%         2    ###....
c - Portal Projectile     Tloc           #.....       12%         3    ####...


Dungeon Overview and Level Annotations

Branches:
Dungeon (3/15)

Altars:
Ashenzari
Fedhas
Nemelex Xobeh


Innate Abilities, Weirdness & Mutations

Your are under a permanent stasis effect.
You can dig through walls and to a lower floor.
Your four strong arms can wield two-handed weapons with a shield.
You have a pair of large antennae on your head (SInv).
You are partially covered in yellow scales (AC +2).


Message History

The gnoll shaman invokes the aid of its god against you.
You resist.
The gnoll shaman calls upon its god to speed up the gnoll.
The gnoll seems to speed up.
Drink which item? (? for menu, Esc to quit)
You feel better. The gnoll hits you but does no damage. The gnoll hits you.
You hit the gnoll.
The gnoll is almost dead.
The gnoll splashes around in the water.
Your ring mail prevents you from hitting the gnoll.
The gnoll is almost dead.
The gnoll barely misses you.
You hit the gnoll.
The gnoll explodes!
The fiery explosion engulfs the gnoll shaman.
The gnoll shaman explodes!
The fiery explosion engulfs you!
Ouch! That really hurt!
You die...
Fedhas appreciates your contribution to the ecosystem.

########################
.........................
P................P.......
≈≈≈≈≈≈≈≈≈≈≈≈≈≈§§@§≈≈≈≈≈≈≈
≈≈≈≈≈≈≈≈≈≈≈≈≈≈§§§§≈≈≈≈≈≈≈≈
≈≈≈≈≈≈≈≈≈≈≈≈≈≈§§g§≈≈≈####
.....................#{
####################'# {
.#


{{{{ # {{ { You could see a gnoll (inner flame).

Vanquished Creatures
  A centaur (D:3)
  An orc wizard (D:3)
  Jessica (D:3)
  6 gnolls
  6 adders
  A worm (D:3)
  2 giant geckos
  3 orcs (D:3)
  6 goblins
  6 hobgoblins
  10 kobolds
  2 ball pythons
  6 bats
  7 giant cockroaches
  3 giant newts
  22 jackals
  8 rats
91 creatures vanquished.

Vanquished Creatures (others)
  15 toadstools (D:3)
15 creatures vanquished.

Grand Total: 106 creatures vanquished

Notes
Turn   | Place    | Note
--------------------------------------------------------------
     0 | D:1      | MrRokkomies, the Formicid Warper, began the quest for the Orb.
     0 | D:1      | Reached XP level 1. HP: 16/16 MP: 3/3
   134 | D:1      | Reached XP level 2. HP: 22/22 MP: 5/5
   232 | D:1      | Learned a level 2 spell: Shroud of Golubria
   671 | D:1      | Reached skill level 3 in Maces & Flails
   671 | D:1      | Reached XP level 3. HP: 22/27 MP: 7/7
  1243 | D:2      | Found a shattered altar of Ashenzari.
  1269 | D:2      | Reached XP level 4. HP: 23/33 MP: 6/8
  1496 | D:2      | Gained mutation: You are partially covered in yellow scales (AC +2). [potion of beneficial mutation]
  1541 | D:2      | Found a blossoming altar of Fedhas.
  1556 | D:2      | Became a worshipper of Fedhas Madash
  1950 | D:2      | Learned a level 3 spell: Portal Projectile
  2179 | D:2      | Reached XP level 5. HP: 38/38 MP: 11/11
  2689 | D:3      | Noticed Jessica
  2729 | D:3      | Reached skill level 4 in Armour
  3021 | D:3      | Killed Jessica
  3364 | D:3      | Found a sparkling altar of Nemelex Xobeh.
  3404 | D:3      | Reached XP level 6. HP: 44/44 MP: 12/12
  3419 | D:3      | Noticed a centaur
  3439 | D:3      | Killed a centaur
  3439 | D:3      | Reached skill level 5 in Armour
  3983 | D:3      | Killed from afar by a gnoll shaman

Action                   |  1- 3 |  4- 6 || total
-------------------------+-------+-------++-------
Melee: Mace              |   120 |       ||   120
       Whip              |    40 |   325 ||   365
Throw: Tomahawk          |       |     5 ||     5
 Cast: Shroud of Golubri |     1 |     6 ||     7
Evoke: Wand              |       |     1 ||     1
  Use: Scroll            |     3 |     5 ||     8
       Potion            |       |     3 ||     3
